 Dungeon Crawl Stone Soup version 0.31.0-11-ge490571c62 (webtiles) character file.

Game seed: 17949553883156770553

188 qw the Shooter (level 5, 0/25 HPs)
             Began as a Spriggan Hunter on Feb 3, 2024.
             Slain by an orc
             ... wielding a +0 trident
              (3 damage)
             ... on level 2 of the Dungeon.
             The game lasted 00:00:03 (839 turns).

qw the Shooter (Spriggan Hunter)                     Turns: 839, Time: 00:00:03

Health: 0/25       AC:  2    Str:  7    XL:     5   Next: 39%
Magic:  6/6        EV: 19    Int: 11    God:
Gold:   59         SH:  0    Dex: 20    Spells: 4/4 levels left

rFire   . . .        a - +0 shortbow
rCold   . . .        (shield currently unavailable)
rNeg    . . .        c - +0 robe
rPois   .            (helmet restricted)
rElec   .            (no cloak)
rCorr   .            (gloves unavailable)
SInv    +            (boots unavailable)
Will    .....        (no amulet)
Stlth   ++           (no ring)
HPRegen 0.24/turn    (no ring)
MPRegen 0.10/turn

%: no passive effects
@: very quick
A: very small, no large weapons, unfitting armour, see invisible, speed 3
a: no special abilities


You were on level 2 of the Dungeon.
You visited 1 branch of the dungeon, and saw 2 of its levels.

You collected 59 gold pieces.


Innate Abilities, Weirdness & Mutations

You are very small and have problems with some larger weapons.
You are too small for most types of armour.
You have supernaturally acute eyesight. (SInv)
You cover ground extremely quickly. (Speed+++)


   Skills:
 - Level 1.5 Fighting
 - Level 6.3 Ranged Weapons
 + Level 4.1 Dodging
 - Level 1.5 Stealth


You had 4 spell levels left.
You didn't know any spells.
Your spell library was empty.

Inventory:

Hand Weapons
 a - a +0 shortbow (weapon)
Armour
 c - a +0 robe (worn)
Scrolls
 b - a scroll of torment {unknown}
Potions
 f - a potion of resistance {unknown}
 h - a potion of curing {unknown}

Dungeon Overview and Level Annotations

Branches:
Dungeon (2/15)

Altars:


Message History

The orc closely misses you.
The giant cockroach completely misses you.
You shoot an arrow.
The arrow hits the giant cockroach but does no damage.
The giant cockroach is almost dead.
The orc completely misses you. The giant cockroach misses you.
The orc hits you from afar with a +0 trident.
You shoot an arrow. The arrow hits the giant cockroach.
You kill the giant cockroach!
The orc completely misses you.
You shoot an arrow. The arrow hits the orc.
The orc is lightly wounded.
The orc hits you from afar with a +0 trident.
The orc hits you with a +0 dagger.
You shoot an arrow. The arrow hits the orc.
The orc is severely wounded.
The orc misses you. The orc barely misses you.
You shoot an arrow. The arrow barely misses the orc.
The arrow hits the orc priest.
The orc priest is moderately wounded.
The orc closely misses you. The orc completely misses you.
The orc priest invokes the aid of Beogh against you.
Beogh smites you!
You shoot an arrow. The arrow closely misses the orc.
The arrow completely misses the orc priest.
The arrow hits the orc!
You kill the orc!
The orc hits you but does no damage. The orc hits you with a +0 dagger.
You shoot an arrow. The arrow barely misses the orc.
The arrow closely misses the orc priest.
The arrow hits the ribbon worm.
The ribbon worm is lightly wounded.
The orc misses you. The orc hits you with a +0 dagger.
You shoot an arrow. The arrow hits the orc!
You kill the orc!
The orc completely misses you.
You shoot an arrow. The arrow hits the orc.
The orc is heavily wounded.
The orc hits you from afar with a +0 trident.
You die...

### ##.## #####
##...#####...#
#..........#.#
##...#.###...#
#######.##.# ##.##
...........# #.########
#######@#######.#.......
#o# #.....#####.


woo #.#.#.#####. ..).. #.#......##. ....... #.###.##.##. .........#.##...#.##.
+.........+........... #.........#.......(... #####.##.### You could see a
ribbon worm, an orc priest and 2 orcs.

Vanquished Creatures
  Sigmund (D:2)
  2 orcs (D:2)
  3 ball pythons (D:1)
  2 bats (D:1)
  4 endoplasms (D:1)
  2 giant cockroaches
  3 goblins (D:1)
  A hobgoblin (D:1)
  A frilled lizard (D:1)
  3 kobolds (D:1)
22 creatures vanquished.

Notes
Turn   | Place    | Note
-------+----------+-------------------------------------------
     0 | D:1      | qw the Spriggan Hunter began the quest for the Orb.
     0 | D:1      | Reached XP level 1. HP: 10/10 MP: 2/2
     0 | D:1      | 0 ||| qw: Version: 0.3-a-157-g843a77d
     0 | D:1      | 0 ||| qw: Game counter: 3722
     0 | D:1      | 0 ||| qw: Melee chars always use a shield: true
     0 | D:1      | 0 ||| qw: God list: Okawaru
     0 | D:1      | 0 ||| qw: Allow faded altars: false
     0 | D:1      | 0 ||| qw: Do Orc after clearing Dungeon:15 true
     0 | D:1      | 0 ||| qw: Do second Lair branch before Depths: true
     0 | D:1      | 0 ||| qw: Lair rune preference: random
     0 | D:1      | 0 ||| qw: Goals: Normal
     0 | D:1      | 0 ||| PLANNING D:1-11
    31 | D:1      | Reached skill level 3 in Dodging
   109 | D:1      | Found a faded altar of an unknown god.
   160 | D:1      | Reached XP level 2. HP: 14/14 MP: 3/3
   552 | D:1      | 552 ||| READING scroll labelled KETAV VUAFEOSK.
   653 | D:1      | 653 ||| READING scroll labelled UPPOUR TO JONK.
   654 | D:1      | 654 ||| READING scroll labelled BULAEBLIDOR.
   658 | D:1      | 658 ||| READING scroll labelled BURPHI TORASS.
   659 | D:1      | 659 ||| DROPPING scroll of butterflies.
   671 | D:2      | Noticed Sigmund
   674 | D:2      | 674 ||| STAIRDANCE
   676 | D:2      | 676 ||| STAIRDANCE
   678 | D:1      | 678 ||| DRINKING fizzy ruby potion.
   695 | D:2      | HP: 1/14 [Sigmund/puff of flame (9)]
   696 | D:2      | Killed Sigmund
   697 | D:2      | Reached skill level 6 in Ranged Weapons
   697 | D:2      | Reached XP level 3. HP: 2/18 MP: 4/4
   697 | D:2      | Reached XP level 4. HP: 2/22 MP: 5/5
   697 | D:2      | Reached XP level 5. HP: 3/25 MP: 6/6
   835 | D:2      | HP: 6/25 [orc priest/divine providence (8)]
   837 | D:2      | HP: 2/25 [orc/+0 dagger (2)]
   839 | D:2      | Slain by an orc

Levels and vault maps discovered:
D:1:      wander_arrival_abandoned_jail, layout_loops_cross,
          hellmonk_ecumenical_altar_heavens_door
D:2:      layout_loops_corners, uniq_sigmund

Skill      XL: |  1  2 |
---------------+-------+-----
Dodging        | 3 4 |  4.1
Ranged Weapons | 6 |  6.3
Fighting       | |  1.5
Stealth        | |  1.5

Action                     |  1- 3 |  4- 6 || total
---------------------------+-------+-------++-------
   Fire: Shortbow          |    52 |    13 ||    65
    Use: Scroll            |     4 |       ||     4
         Potion            |     1 |       ||     1
 Armour: Robe              |     3 |     7 ||    10
  Dodge: Dodged            |    13 |    14 ||    27

Table legend:
 A = Non-vault XP
 B = Vault XP
 C = Vault XP percentage of total XP
 D = Non-vault monster count
 E = Vault monster count
 F = Vault count percentage of total count
                 A         B        C        D         E       F
            +---------+---------+-------+---------+---------+-------
      Total |      38 |     231 |  85.9 |      21 |       1 |   4.5
            +---------+---------+-------+---------+---------+-------
        D:1 |      30 |       0 |   0.0 |      18 |       0 |   0.0
        D:2 |       8 |     231 |  96.7 |       3 |       1 |  25.0
            +---------+---------+-------+---------+---------+-------
